 Dungeon Crawl Stone Soup version 0.27.1-1-g398f81649c (webtiles) character file.

Game seed: 2355811479736382890

12564 Rickety the Blocker (level 11, -1/103 HPs)
             Began as a Gargoyle Fighter on Sept 21, 2021.
             Was a Priest of the Shining One.
             Killed from afar by a blizzard demon (6 damage)
             ... with a bolt of cold
             ... in a Gauntlet.
             The game lasted 00:32:26 (14954 turns).

Rickety the Blocker (Gargoyle Fighter)             Turns: 14954, Time: 00:32:27

Health: -1/103     AC: 25    Str: 20 (23) XL:     11   Next: 95%
Magic:  21/25      EV:  2    Int:  8 (9)  God:    the Shining One [***...]
Gold:   557        SH: 21    Dex:  7 (9)  Spells: 10/10 levels left

rFire    + . .     SeeInvis .   a - +2 whip (elec)
rCold    + . .     Faith    .   w - +1 kite shield
rNeg     + + +     Spirit   .   (armour currently unavailable)
rPois    ∞         Reflect  .   (helmet currently unavailable)
rElec    +         Harm     .   (cloak currently unavailable)
rCorr    +         Rampage  .   (gloves currently unavailable)
Will     +....     NoTele   +   (boots currently unavailable)
Stlth    +.........             (no amulet)
HPRegen  0.27/turn              m - ring of willpower
MPRegen  0.19/turn              L - ring of magical power

@: divinely shielded, tree-form, resistant, hasted, glowing, studying Fighting,
very quick
A: stationary, stasis, torment immunity, boosted hp, sickness immunity, AC +8,
negative energy resistance 1, (electricity resistance), torment resistance 1,
petrification resistance, deterioration 1
a: Renounce Religion, Divine Shield


You were in a Gauntlet.
You worshipped the Shining One.
The Shining One was most pleased with you.
You were a tree.
You visited 3 branches of the dungeon, and saw 12 of its levels.
You also visited: Sewer and Gauntlet.

You collected 557 gold pieces.

Inventory:

Hand Weapons
 a - a +2 whip of electrocution (weapon)
 b - a +0 spectral morningstar
 c - a +5 mace of freezing
 p - a +3 mace of protection
Missiles
 R - 6 atropa-tipped darts (quivered)
 S - 59 poisoned darts
 W - a throwing net
 Z - 3 curare-tipped darts
Armour
 h - a +0 helmet (melded)
 n - the +1 plate armour "Ichut" {rF+ SInv}
   (You found it in a Gauntlet)

   rF:        It protects you from fire.
   SInv:      It lets you see invisible.
 o - the +2 plate armour of the Desert {rN++}
   (You found it in a Gauntlet)

   rN:        It greatly protects you from negative energy.
 r - a +2 pair of gloves of stealth (melded)
 w - a +1 kite shield (worn)
 M - a scarf of resistance (melded)
 P - the +0 chain mail of the Game Afoot (melded) {-Cast rPois rC+}
   (You found it on level 7 of the Dungeon)

   rC:        It protects you from cold.
   rPois:     It protects you from poison.
   -Cast:     It prevents spellcasting.
 V - a +0 pair of boots (melded)
Magical Staves
 l - a staff of earth
Jewellery
 m - a ring of willpower (left branch)
 L - a ring of magical power (right branch)
 O - a +6 ring of intelligence
Wands
 j - a wand of charming (11)
 v - a wand of acid (10)
 z - a wand of iceblast (7)
 F - a wand of mindburst (20)
 Y - a wand of flame (23)
Scrolls
 f - 8 scrolls of teleportation
 g - 2 scrolls of identify
 x - 5 scrolls of immolation
 A - a scroll of amnesia
 N - 2 scrolls of blinking
 U - a scroll of holy word
Potions
 d - 4 potions of might
 i - a potion of haste
 k - a potion of flight
 q - 3 potions of degeneration
 s - 3 potions of attraction
 u - a potion of resistance
 B - a potion of ambrosia {unknown}
 D - 3 potions of brilliance
 E - 4 potions of curing
 G - a potion of lignification
 H - 2 potions of mutation
 T - 2 potions of magic {unknown}
 X - a potion of heal wounds {unknown}
Miscellaneous
 e - a lightning rod (4/4)


   Skills:
 + Level 8.5 Fighting
 + Level 9.4 Maces & Flails
 + Level 0.3 Throwing
 + Level 8.2 Armour
 + Level 2.9 Dodging
 + Level 10.3 Shields
 * Level 6.7 Invocations
 * Level 6.8 Evocations


You had 10 spell levels left.
You didn't know any spells.
Your spell library contained the following spells:

 Spells                   Type           Power      Damage    Failure   Level
 Frozen Ramparts          Ice            0%         1d2       93%         3
 Summon Guardian Golem    Hex/Summ       0%         N/A       93%         3
 Fulminant Prism          Conj/Hex       0%         3d6       100%        4
 Ice Form                 Ice/Tmut       0%         N/A       100%        4
 Iskenderun's Mystic Bla  Conj/Tloc      0%         2d3       100%        4
 Summon Ice Beast         Ice/Summ       0%         N/A       100%        4
 Alistair's Intoxication  Tmut/Pois      0%         N/A       100%        5
 Borgnjor's Vile Clutch   Necr/Erth      0%         N/A       100%        5
 Lee's Rapid Deconstruct  Erth           0%         3d5*      100%        5
 Eringya's Noxious Bog    Tmut/Pois      0%         N/A       100%        6
 Orb of Destruction       Conj           0%         N/A       100%        7
 Spellforged Servitor     Conj/Summ      0%         N/A       100%        7


Dungeon Overview and Level Annotations

Branches:
Dungeon (10/15)            Temple (1/1) D:5            Lair (1/6) D:10
  Sewer (visited)         Gauntlet (1/1)
    Orc: D:9-12

Altars:
Ashenzari
Cheibriados
Dithmenos
Elyvilon
Fedhas
Gozag
Hepliaklqana
Kikubaaqudgha
Makhleb
Nemelex Xobeh
Okawaru
Qazlal
Ru
Sif Muna
Trog
Uskayaw
Vehumet
Wu Jian
Xom
Yredelemnul
Zin
The Shining One

Shops:
D:7 (

Annotations:
D:8 exclusion: orange crystal statue
D:9 2 runed translucent doors
D:10 3 runed translucent doors, COBRA's ghost, journeyman HOFi Gauntlet 13 transporters


Innate Abilities, Weirdness & Mutations

You are a tree.
Your roots penetrate the ground, keeping you stationary.
You cannot be teleported.
You are immune to unholy pain and torment.
Your maximum health is greatly increased.
Your equipment is partially melded.
You are immune to sickness and miasma.
((Your stone body is resilient. (AC +8)))
You are immune to poison.
You resist negative energy. (rN+)
((You are resistant to electric shocks. (rElec)))
You are resistant to unholy torment.
You are immune to petrification.
Your body sometimes deteriorates upon taking damage.


Message History

You hit the blizzard demon.
The blizzard demon is heavily wounded.
You are engulfed in freezing vapours.
You resist.
* * * LOW HITPOINT WARNING * * *
The blizzard demon is engulfed in freezing vapours.
The blizzard demon gestures at you.
The bolt of cold hits you but does no damage.
You resist.
It was a potion of degeneration.
There was something very wrong with that liquid.
You feel weakened.
You feel dopey.
You feel clumsy.
You are engulfed in freezing vapours.
You resist.
The blizzard demon is engulfed in freezing vapours.
The blizzard demon hits you.
* * * LOW HITPOINT WARNING * * *
You block the blizzard demon's attack.
It was a potion of haste.
You feel yourself speed up.
The blizzard demon is engulfed in freezing vapours.
The blizzard demon hits you!
* * * LOW HITPOINT WARNING * * *
The blizzard demon hits you but does no damage.
It was a potion of flight.
You feel very buoyant.
You fly up into the air.
It was a potion of resistance.
You feel protected. The blizzard demon gestures at you.
The bolt of cold hits you but does no damage.
You resist.
It was a potion of lignification.
You turn into a tree.
Your scarf of resistance melds into your body.
Your +0 helmet melds into your body.
Your +2 pair of gloves of stealth melds into your body.
Your +0 pair of boots melds into your body.
The +0 chain mail of the Game Afoot {-Cast rPois rC+} melds into your body.
You feel hot and cold all over.
You feel less stealthy.
Your roots penetrate the ground.
The blizzard demon gestures at you. The bolt of cold hits you. You resist.
You die...

###§....#############.####
#8#.....#©...........©....
###.######################
#.#.........#.#yy.......
###.#.#.....#.#.#y#.#.#.#.
#8#.#..#####..#.#..#.#.#..
###.#..##.##..#.#.#.#.#.#.
#.#...2©....#.#..#.©.#..
###.#..##♣##..#.#.#.#.#.#.
#8#.#..#####..#.#..#.#.#..
###.#.#.....#2#.#.#.#.#.#y
#.#..=:©$.45#.#y.y?y[yyy
###.###########.##########
#8#.......................
###≈......................
########################
#8# #8# #8# #8# #8# #8#


You could see a blizzard demon.

Vanquished Creatures
  3 death yaks
  An ugly thing (D:8)
  A cane toad (Lair:1)
  3 kobold demonologists
  An unseen horror (D:10)
  An ice devil (Gauntlet)
  Prince Ribbit (D:7)
  A hornet (D:8)
  4 flying skulls (Gauntlet)
  10 yaks
  A wraith (D:10)
  2 wyverns (D:9)
  A neqoxec (Gauntlet)
  A chaos spawn (Gauntlet)
  2 steam dragons
  3 water moccasins
  Duvessa (D:7)
  Purgy (Sewer)
  2 orc warriors (D:10)
  2 sky beasts (D:6)
  A necrophage (D:6)
  5 centaurs
  An ogre (D:5)
  6 kobold brigands
  4 phantoms
  A bullfrog (D:7)
  A wyvern zombie (D:5)
  4 scorpions
  A wyvern skeleton (D:6)
  Dowan (D:7)
  2 water moccasin skeletons
  7 killer bees (D:8)
  11 wights
  3 howler monkeys
  2 electric eels (D:7)
  3 centaur zombies
  3 jellies
  5 orc priests
  Crazy Yiuf (D:6)
  A hound (D:5)
  4 gnoll shamans
  5 iguanas
  8 orc wizards
  A hell rat (D:10)
  A hound skeleton (D:5)
  A howler monkey zombie (D:9)
  Robin (D:1)
  7 adders
  16 gnolls
  2 river rats
  A shadow imp (D:6)
  3 white imps
  3 ufetubi
  An adder skeleton (D:4)
  6 worms
  5 dart slugs
  32 orcs
  3 bats
  5 endoplasms
  6 giant cockroaches
  8 hobgoblins
  3 jackals
  36 kobolds
  9 quokkas
  5 ball pythons
  4 frilled lizards
  14 goblins
  8 rats
303 creatures vanquished.

Vanquished Creatures (others)
  2 fungi
  2 plants (Gauntlet)
4 creatures vanquished.

Grand Total: 307 creatures vanquished

Notes
Turn   | Place    | Note
-------+----------+-------------------------------------------
     0 | D:1      | Rickety the Gargoyle Fighter began the quest for the Orb.
     0 | D:1      | Reached XP level 1. HP: 14/14 MP: 1/1
   156 | D:1      | Reached XP level 2. HP: 19/19 MP: 2/2
   591 | D:1      | Reached XP level 3. HP: 24/24 MP: 3/3
  1219 | D:2      | Reached XP level 4. HP: 10/29 MP: 4/4
  1517 | D:2      | Reached skill level 4 in Shields
  1533 | D:2      | Found a faded altar of an unknown god.
  1534 | D:2      | Noticed a phantom
  1543 | D:2      | Killed a phantom
  1544 | D:2      | Reached XP level 5. HP: 31/33 MP: 5/5
  1796 | D:2      | Noticed Robin
  1942 | D:1      | Killed Robin
  2247 | D:2      | Reached XP level 6. HP: 31/38 MP: 6/6
  2608 | D:3      | Reached skill level 5 in Shields
  2624 | D:3      | Reached skill level 1 in Evocations
  3500 | D:4      | Found a snail-covered altar of Cheibriados.
  3500 | D:4      | Found a hide-covered altar of Uskayaw.
  3501 | D:4      | Found a bloodstained altar of Trog.
  3557 | D:4      | Reached XP level 7. HP: 25/44 MP: 7/7
  3562 | D:4      | Reached skill level 1 in Dodging
  4595 | D:5      | Entered Level 5 of the Dungeon
  4635 | D:5      | Reached skill level 5 in Maces & Flails
  4938 | D:5      | Found a glowing drain.
  4943 | Sewer    | Entered a sewer
  5086 | Sewer    | Noticed Purgy
  5095 | Sewer    | Killed Purgy
  5221 | D:5      | Reached XP level 8. HP: 48/48 MP: 8/8
  5263 | D:5      | Reached skill level 6 in Shields
  5515 | D:5      | Found a staircase to the Ecumenical Temple.
  5650 | Temple   | Entered the Ecumenical Temple
  5762 | Temple   | Became a worshipper of the Shining One
  5913 | D:5      | Reached skill level 5 in Fighting
  6182 | D:4      | Reached skill level 5 in Armour
  6597 | D:6      | Reached skill level 7 in Shields
  6709 | D:6      | Reached * piety under the Shining One
  6763 | D:6      | Found a white marble altar of Elyvilon.
  6775 | D:6      | Reached XP level 9. HP: 49/54 MP: 9/9
  6909 | D:6      | Reached skill level 1 in Invocations
  7444 | D:6      | Found a runed translucent door.
  7445 | D:6      | Noticed Crazy Yiuf
  7453 | D:6      | Killed Crazy Yiuf
  8286 | D:7      | Noticed Dowan
  8286 | D:7      | Noticed Duvessa
  8289 | D:7      | Killed Dowan
  8299 | D:7      | Killed Duvessa
  8561 | D:7      | Noticed Prince Ribbit
  8762 | D:7      | Identified the +0 chain mail of the Game Afoot {-Cast rPois
                  | rC+}
  8963 | D:7      | Found Umir's Antique Weapon Boutique.
  9028 | D:7      | Killed Prince Ribbit
  9814 | D:7      | Identified 2 scrolls of acquirement
  9814 | D:7      | Acquired a manual of Fighting
  9942 | D:8      | Reached XP level 10. HP: 53/60 MP: 12/12
  9956 | D:8      | Reached skill level 8 in Shields
  9961 | D:8      | Reached ** piety under the Shining One
 10201 | D:8      | Noticed an orange crystal statue
 10790 | D:8      | Noticed a white ugly thing
 10803 | D:8      | Killed a white ugly thing
 10804 | D:8      | Reached skill level 5 in Evocations
 10842 | D:8      | Found an ancient bone altar of Kikubaaqudgha.
 11391 | D:9      | Noticed a kobold demonologist
 11434 | D:8      | Noticed a sun demon
 11437 | D:8      | Killed a kobold demonologist
 11602 | D:9      | Found a white marble altar of Elyvilon.
 11702 | D:9      | Identified the +6 dagger "Quiviad" {chaos, *Rage rElec
                  | Int+2 SInv}
 11702 | D:9      | Identified the +1 robe of the Jabberwock {rElec rC+ Will-}
 11702 | D:9      | Noticed a kobold demonologist
 11709 | D:9      | Noticed a kobold demonologist
 11714 | D:9      | Noticed a smoke demon
 11722 | D:9      | Noticed an orange demon
 11723 | D:9      | Noticed a purple ugly thing
 12211 | D:9      | Reached skill level 9 in Shields
 12211 | D:9      | Reached skill level 5 in Invocations
 12377 | D:9      | Noticed a kobold demonologist
 12467 | D:9      | Reached XP level 11. HP: 57/67 MP: 14/14
 12590 | D:9      | Found a large runed translucent door.
 12590 | D:9      | Found a large runed translucent door.
 12591 | D:9      | Noticed a sixfirhy
 12614 | D:9      | Found a shimmering altar of Xom.
 12848 | D:10     | Entered Level 10 of the Dungeon
 12923 | D:10     | Noticed a death yak
 12924 | D:10     | Noticed a death yak
 12924 | D:10     | Noticed a death yak
 12931 | D:10     | Reached *** piety under the Shining One
 12957 | D:9      | Killed a death yak
 13169 | D:10     | Found a staircase to the Lair.
 13213 | D:10     | Killed a death yak
 13227 | D:10     | Killed a death yak
 13509 | D:10     | Found a runed translucent gate.
 13509 | D:10     | Found a runed translucent gate.
 13509 | D:10     | Found a runed translucent gate.
 13509 | D:10     | Noticed COBRA's ghost (journeyman HOFi)
 13688 | D:10     | Found a basalt altar of Yredelemnul.
 13947 | D:10     | Reached skill level 10 in Shields
 14131 | Lair:1   | Entered Level 1 of the Lair of Beasts
 14346 | Lair:1   | Found a gate leading to a gauntlet.
 14361 | Gauntlet | Entered a Gauntlet
 14361 | Gauntlet | Found a transporter.
 14367 | Gauntlet | Noticed a wizard
 14372 | Gauntlet | Found a transporter.
 14374 | Gauntlet | Found a transporter.
 14376 | Gauntlet | Found a transporter.
 14438 | Gauntlet | Found a transporter.
 14452 | Gauntlet | Found a transporter.
 14455 | Gauntlet | Noticed a wizard
 14457 | Gauntlet | Found a transporter.
 14472 | Gauntlet | Found a transporter.
 14484 | Gauntlet | Noticed a wretched star
 14491 | Gauntlet | Found a transporter.
 14493 | Gauntlet | Noticed a wizard
 14503 | Gauntlet | Found a transporter.
 14524 | Gauntlet | Reached **** piety under the Shining One
 14528 | Gauntlet | Found a transporter.
 14540 | Gauntlet | Found a transporter.
 14546 | Gauntlet | Found a transporter.
 14546 | Gauntlet | Found a transporter.
 14561 | Gauntlet | Found a transporter.
 14563 | Gauntlet | Noticed a blizzard demon
 14567 | Gauntlet | Found a transporter.
 14606 | Gauntlet | Found a transporter.
 14633 | Gauntlet | Found a transporter.
 14825 | Gauntlet | Gained mutation: Your body sometimes deteriorates upon
                  | taking damage. [a neqoxec]
 14893 | Gauntlet | Identified the +1 plate armour "Ichut" {rF+ SInv}
 14898 | Gauntlet | Identified the +2 plate armour of the Desert {rN++}
 14951 | Gauntlet | HP: 3/69 [blizzard demon (13)]
 14954 | Gauntlet | Killed from afar by a blizzard demon

Illustrated notes

Levels and vault maps discovered:
D:1:      tarquinn_simple_flora_water_d, layout_basic, minmay_hedge_maze,
          minmay_pentomino_o2
D:2:      layout_rooms, chequers_ecumenical_altar_simple,
          chequers_serial_rivers_micro_c, st_stairs_12, uniq_robin
D:3:      layout_basic
D:4:      layout_basic, gammafunk_temple_overflow_claw
D:5:      layout_basic, temple_green, portal_sewer_entry_a, minmay_bent
D:6:      layout_layer_cave, mainiacjoe_overflow_small_starburst,
          corner_web_ring, uniq_crazy_yiuf_cottage
D:7:      layout_basic, serial_shops, shop, nrook_pool_corridor,
          uniq_prince_ribbit1, uniq_duvessa
D:8:      layout_basic, mainiacjoe_overflow_alcove_1, grunt_ministairs_8,
          disabler_island
D:9:      due_chaos_kobolds, layout_cave_pools, serial_park,
          serial_park_fountain, serial_park_square3
          [serial_park_minivault_5x5_3], serial_park_tiny_2, serial_park_square1
          [serial_park_minivault_5x5_4], hex_large
D:10:     layout_rooms, nicolae_yredelemnul_ghost_church, dpeg_lair_monsters
Temple:   regret_index_temple_sphere_string
Lair:1:   layout_chaotic_city, gauntlet_entry_generic, minmay_holes,
          chequers_serial_rivers_micro_e
Gauntlet: gammafunk_gauntlet_one_two_three [gammafunk_gauntlet_arena_split_x,
          nicolae_gauntlet_arena_grate_2, gammafunk_gauntlet_arena_teeth,
          nicolae_gauntlet_arena_blocks, gammafunk_gauntlet_arena_grid,
          gammafunk_gauntlet_arena_mazey,
          gammafunk_gauntlet_arena_split_diamond,
          gammafunk_gauntlet_arena_crates, gammafunk_gauntlet_arena_spirals,
          gauntlet_exit_hidden_loot]

Skill      XL: |  1  2  3  4  5  6  7  8  9 10 11 |
---------------+----------------------------------+-----
Maces & Flails | 3 4 5 6 7 8 9 |  9.4
Shields        | 4 5 7 9 10 | 10.3
Fighting       | 4 5 7 8 |  8.5
Armour         | 4 5 6 7 8 |  8.2
Evocations     | 1 2 3 4 5 6 |  6.8
Dodging        | 1 2 |  2.9
Invocations    | 3 5 6 |  6.7
Throwing       | |  0.3

Action                   |  1- 3 |  4- 6 |  7- 9 | 10-12 || total
-------------------------+-------+-------+-------+-------++-------
Melee: Flail             |    95 |       |       |       ||    95
       Morningstar       |       |   250 |       |       ||   250
       Whip              |       |    37 |   412 |   487 ||   936
Throw: Dart              |       |     1 |       |     4 ||     5
Invok: Divine Shield     |       |       |       |     8 ||     8
       Cleansing Flame   |       |       |       |     3 ||     3
Evoke: Lightning rod     |       |       |       |     4 ||     4
  Use: Scroll            |       |       |    11 |     7 ||    18
       Potion            |       |       |       |     6 ||     6
Armor: Scale mail        |    49 |       |       |       ||    49
       Chain mail        |     4 |   206 |   220 |   199 ||   629
Dodge: Dodged            |    38 |    66 |    89 |   102 ||   295
Block: Kite shield       |    49 |   177 |   223 |   311 ||   760
